 Dungeon Crawl Stone Soup version 0.29.1-15-g9cfb28693d (webtiles) character file.

Game seed: 3432615049046361374

3115 vishdafish the Destroyer (level 9, -5/57 HPs)
             Began as a Demonspawn Conjurer on Mar 29, 2023.
             Was an Initiate of Vehumet.
             Killed by divine providence
             ... invoked by an orc priest
              (12 damage)
             ... on level 8 of the Dungeon.
             The game lasted 00:13:55 (9823 turns).

vishdafish the Destroyer (Demonspawn Conjurer)      Turns: 9823, Time: 00:13:57

Health: -5/57      AC:  2    Str:  6    XL:     9   Next: 60%
Magic:  18/31      EV: 12    Int: 30    God:    Vehumet [......]
Gold:   325        SH:  0    Dex: 15    Spells: 17/26 levels left

rFire   . . .      SeeInvis .   z - +4 short sword
rCold   . . .      Faith    .   (no shield)
rNeg    + . .      Spirit   .   e - +0 robe {rN+}
rPois   +          Reflect  .   (no helmet)
rElec   .          Harm     .   (no cloak)
rCorr   .          Rampage  .   (no gloves)
Will    .....                   (no boots)
Stlth   ++........              (no amulet)
HPRegen 0.19/turn               b - ring of poison resistance
MPRegen 0.22/turn               m - ring of magical power

@: no status effects
A: big brain 3, weakness stinger 1, hooves 1, agile 1
a: Renounce Religion


You were on level 8 of the Dungeon.
You worshipped Vehumet.
Vehumet was noncommittal.
You visited 2 branches of the dungeon, and saw 9 of its levels.

You collected 325 gold pieces.

Inventory:

Hand Weapons
 c - a +0 dagger of venom
 z - a +4 short sword (weapon)
Missiles
 y - 2 throwing nets
Armour
 a - a +0 robe
 e - a +0 robe of positive energy (worn)
Jewellery
 b - a ring of poison resistance (left hand)
 k - a ring of fire
 m - a ring of magical power (right hand)
 o - a ring of protection from fire
Wands
 B - a wand of flame (14)
Scrolls
 d - 3 scrolls of brand weapon
 g - 5 scrolls of identify
 h - a scroll of torment {unknown}
 j - 2 scrolls of teleportation {unknown}
 p - a scroll of fog {unknown}
 q - a scroll of summoning {unknown}
 r - 3 scrolls of poison {unknown}
 w - a scroll of fear
 x - a scroll of noise {unknown}
Potions
 f - 2 potions of flight {unknown}
 i - a potion of degeneration
 l - a potion of attraction {unknown}
 n - a potion of haste {unknown}
 s - a potion of magic
 t - 2 potions of mutation
 u - a potion of ambrosia
 v - a potion of berserk rage {unknown}
 A - a potion of curing


   Skills:
 - Level 1.7 Dodging
 - Level 1.7 Stealth
 + Level 9.0 Spellcasting
 + Level 10.4 Conjurations


You had 17 spell levels left.
You knew the following spells:

 Your Spells              Type           Power      Damage    Failure   Level
a - Magic Dart            Conj           100%       1d8       1%          1
b - Fulminant Prism       Conj/Hex       22%        3d13      1%          4
c - Iskenderun's Mystic   Conj/Tloc      44%        2d10      1%          4

Your spell library contained the following spells:

 Spells                   Type           Power      Damage    Failure   Level
 Slow                     Hex            52%        N/A       1%          1
 Searing Ray              Conj           100%       2d8       1%          2
 Dazzling Flash           Conj/Hex       88%        N/A       1%          3
 Confusing Touch          Hex            13%        N/A       4%          3
 Summon Guardian Golem    Hex/Summ       13%        N/A       4%          3
 Vampiric Draining        Necr           13%        2d6       4%          3
 Orb of Destruction       Conj           33%        9d10      17%         7
 Agony                    Necr           13%        N/A       38%         5
 Silence                  Hex/Air        6%         N/A       38%         5
 Spellforged Servitor     Conj/Summ      22%        N/A       80%         7


Dungeon Overview and Level Annotations

Branches:
Dungeon (8/15)             Temple (1/1) D:7
   Lair: D:8-11

Altars:
Cheibriados
Dithmenos
Fedhas
Hepliaklqana
Kikubaaqudgha
Makhleb
Nemelex Xobeh
Okawaru
Qazlal
Ru
Sif Muna
Trog
Vehumet
Wu Jian
Xom


Innate Abilities, Weirdness & Mutations

You have an absolutely massive brain. (Int +6, Wiz)
You have a small tail.
You have large cloven feet.
You are agile. (Dex +4, Str/Int -1)


Message History

The orc wizard hits you with a +0 dagger.
The ice beast hits you. The ice beast freezes you!
You bump into the rock wall.
An orc priest comes into view. It is wielding a +0 sling.
The orc wizard barely misses you. The ice beast completely misses you.
You're too confused to move!
The orc wizard points at you and mumbles some strange words.
The magic dart hits you. The ice beast closely misses you.
The orc wizard attacks as you move away!
The orc wizard barely misses you.
You feel less confused. The orc wizard casts a spell at you.
The magic dart hits you.
Casting: Magic Dart (safe; 1% risk of failure)
Confirm with . or Enter, or press ? or * to list all spells.
You erupt in a blast of force!
The mystic blast hits the orc wizard!
The orc wizard is severely wounded.
The orc wizard is knocked back by the mystic blast.
The mystic blast hits the ice beast!
The ice beast is moderately wounded.
The ice beast is knocked back by the mystic blast.
Casting: Iskenderun's Mystic Blast (dangerous; 1% risk of failure)
Confirm with . or Enter, or press ? or * to list all spells.
Aiming: Fulminant Prism (dangerous; 1% risk of failure)
Press: ? - help, Dir - move target You conjure a prism of explosive energy!
A fulminant prism comes into view.
The orc wizard casts a spell.
The orc wizard flickers and vanishes!
Deactivating autopickup; reactivate with Ctrl-A.
The orc priest invokes the aid of Beogh against you.
Beogh smites you!
* * * LOW HITPOINT WARNING * * *
The ice beast attacks as you move away! The ice beast hits you.
* * * LOW HITPOINT WARNING * * *
The ice beast freezes you.
* * * LOW HITPOINT WARNING * * *
The orc priest invokes the aid of Beogh against you.
Beogh smites you!
You die...

#.......... #......... .#
....o.). .# ...{. .# #
#..# .# ##.##*)#########
.# #...'..#........ .#
.'...#.Y)........ .# .#..
#.@#).......
.#################....[...
.................)########
...#######........# ...#
#........# ...# #........#
...# #........# ...#
#.....^.... .###
#.#######...


You could see an ice beast (ally target), an orc priest and a friendly fulminant
prism.

Vanquished Creatures
  Pikel (D:7)
  Sigmund (D:5)
  2 sky beasts
  4 ogres
  A phantom (D:6)
  Blork the orc (D:4)
  2 necrophages
  A bullfrog (D:8)
  5 scorpions
  12 wights
  A howler monkey (D:6)
  2 orc priests (D:6)
  3 hounds
  A jelly (D:5)
  4 iguanas
  5 orc wizards
  2 gnolls (D:6)
  10 adders
  A shadow imp (D:4)
  4 white imps
  3 ufetubi
  3 worms
  3 dart slugs
  10 orcs
  8 endoplasms
  3 giant cockroaches
  7 goblins
  11 hobgoblins
  15 jackals
  8 kobolds
  3 quokkas
  5 ball pythons
  5 bats
  A frilled lizard (D:1)
  9 rats
157 creatures vanquished.

Vanquished Creatures (others)
  16 fulminant prisms
  9 fungi (D:3)
  3 plants (D:3)
28 creatures vanquished.

Grand Total: 185 creatures vanquished

Notes
Turn   | Place    | Note
-------+----------+-------------------------------------------
     0 | D:1      | vishdafish the Demonspawn Conjurer began the quest for the
                  | Orb.
     0 | D:1      | Reached XP level 1. HP: 13/13 MP: 3/3
   401 | D:1      | Gained mutation: You have an unusually large brain. (Int
                  | +2) [demonic ancestry]
   401 | D:1      | Reached XP level 2. HP: 19/19 MP: 0/5
  1479 | D:2      | Reached XP level 3. HP: 13/24 MP: 0/7
  2100 | D:2      | Gained mutation: You have an extremely huge brain. (Int +4)
                  | [demonic ancestry]
  2100 | D:2      | Reached XP level 4. HP: 30/30 MP: 5/8
  2176 | D:2      | You fall into a shaft and drop 2 floors!
  2222 | D:4      | Reached skill level 5 in Conjurations
  2313 | D:4      | Noticed Blork the orc
  2325 | D:4      | Noticed a scorpion
  2870 | D:2      | Learned a level 4 spell: Fulminant Prism
  2875 | D:2      | Learned a level 4 spell: Iskenderun's Mystic Blast
  2979 | D:3      | Killed a scorpion
  2980 | D:3      | Reached XP level 5. HP: 26/35 MP: 1/10
  3161 | D:3      | Found an ancient bone altar of Kikubaaqudgha.
  3664 | D:3      | Found a blossoming altar of Fedhas.
  3990 | D:4      | Found a stormy altar of Qazlal.
  4182 | D:4      | Killed Blork the orc
  4183 | D:4      | Gained mutation: You have an absolutely massive brain. (Int
                  | +6, Wiz) [demonic ancestry]
  4183 | D:4      | Reached XP level 6. HP: 37/41 MP: 3/12
  4358 | D:5      | Entered Level 5 of the Dungeon
  4377 | D:5      | Reached skill level 6 in Conjurations
  4980 | D:5      | Reached skill level 5 in Spellcasting
  4989 | D:4      | Gained mutation: You have hidden genetic potential. [potion
                  | of mutation]
  4992 | D:4      | Reached XP level 7. HP: 43/43 MP: 9/14
  5070 | D:5      | Noticed Sigmund
  5445 | D:5      | Reached skill level 7 in Conjurations
  5482 | D:5      | Killed Sigmund
  5493 | D:5      | Gained mutation: You have large cloven feet. [hidden
                  | potential]
  5528 | D:5      | Gained mutation: You have a small tail. [demonic ancestry]
  5528 | D:5      | Reached XP level 8. HP: 52/52 MP: 0/17
  5676 | D:5      | Found a large runed translucent door.
  5679 | D:5      | Found a large runed translucent door.
  6122 | D:5      | Reached skill level 8 in Conjurations
  6373 | D:5      | Found a burning altar of Makhleb.
  6771 | D:5      | Gained mutation: You are agile. (Dex +4, Str/Int -1)
                  | [hidden potential]
  6771 | D:5      | Lost mutation: You have hidden genetic potential. [hidden
                  | potential expressed]
  7252 | D:6      | Found a shadowy altar of Dithmenos.
  7309 | D:6      | Found an iron altar of Okawaru.
  7423 | D:6      | Reached skill level 9 in Conjurations
  7754 | D:6      | Found an ornate altar of the Wu Jian Council.
  8028 | D:6      | Found a sparkling altar of Nemelex Xobeh.
  8078 | D:7      | Reached XP level 9. HP: 29/54 MP: 20/20
  8217 | D:7      | Noticed Pikel
  8223 | D:7      | Killed Pikel
  8510 | D:7      | Found a staircase to the Ecumenical Temple.
  8533 | D:7      | Reached skill level 10 in Conjurations
  8799 | Temple   | Entered the Ecumenical Temple
  8832 | Temple   | Became a worshipper of Vehumet
  9823 | D:8      | Killed from afar by an orc priest

Illustrated notes

Levels and vault maps discovered:
D:1:      minmay_arrival_diagonal_passages, layout_loops_ring,
          palyth_stone_intersect
D:2:      layout_basic, grunt_ministairs_4
D:3:      layout_rooms, fedhas_altar_3, mainiacjoe_overflow_small_starburst,
          zin_treasury, kennysheep_pointless_box, grunt_ministairs_3,
          st_stairs_10
D:4:      layout_rooms, nicolae_qazlal_general_emergency, uniq_blork_the_orc
D:5:      layout_rooms, jmf_multi_god_temple2, st_stairs_14,
          minmay_splitting_lines, uniq_sigmund
D:6:      layout_loops_ring, grunt_dithmenos_smoke, okawaru_altar_gauntlet_db,
          pdpol_wu_jian_five_deadly_venoms, mainiacjoe_overflow_alcove_4
D:7:      layout_loops_ring, minmay_temple_entry_statues, columned_hall_lemuel,
          uniq_pikel
D:8:      layout_gridville, nicolae_uskayaw_suspiria
Temple:   hellmonk_temple_of_storms

Skill      XL: |  1  2  3  4  5  6  7  8  9 |
---------------+----------------------------+-----
Spellcasting   | 3 4 5 6 7 9 |  9.0
Conjurations   | 5 6 7 9 10 | 10.4
Dodging        | |  1.7
Stealth        | |  1.7

Action                   |  1- 3 |  4- 6 |  7- 9 || total
-------------------------+-------+-------+-------++-------
Melee: Unarmed           |    18 |       |       ||    18
       Dagger            |    12 |    17 |    66 ||    95
       Kick              |       |       |    22 ||    22
       Punch             |       |       |     6 ||     6
       Tailslap          |       |       |    13 ||    13
       Short sword       |       |       |    13 ||    13
 Cast: Magic Dart        |    70 |   116 |   179 ||   365
       Fulminant Prism   |       |     4 |    13 ||    17
       Iskenderun's Myst |       |     6 |    20 ||    26
  Use: Potion            |     1 |     8 |       ||     9
       Scroll            |       |     2 |       ||     2
Armor: Robe              |     7 |     4 |    12 ||    23
       Skin              |       |     1 |       ||     1
Dodge: Dodged            |    30 |    23 |    65 ||   118
